AoeStats
← Jazzmushroom

Arena

508268556Analyzed
4v4 RM · 10d ago on Sep 21, 2026· 46m 47s· 8 players
Game mode
Random Map
Map size
Large (8 player)
Population
200
Speed
Normal
Resources
Standard
Victory
Conquest
Starting age
Dark Age
Ending age
Imperial Age
RankedLock teamsTeams togetherTeam positionsShared explorationLock speedFull tech treeHidden civsTurbo modeCheats
Victory
Defeat
🇨🇦 Poles · Canada
1598
+10
🇩🇰 Italians · Denmark
1459
+15
🇺🇸 Aztecs · United States
1395
+18
🇪🇸 Vikings · Spain
1316
+22
🇬🇪 Slavs · Georgia
1537
-20
🇩🇪 Khmer · Germany
1479
-18
🇹🇼 Hindustanis · Taiwan
1437
-16
🇺🇸 Huns · United States
1323
-11
Jazzmushroom
10:35 Feudal Age
14:25 Castle Age
14:12 Double-Bit Axe
14:09 Horse Collar
15:30 Bow Saw
15:34 Loom
22:06 Wheelbarrow
24:42 Fletching
26:52 Bodkin Arrow
32:08 Bloodlines
31:21 Light Cavalry
33:58 Husbandry
36:28 Heavy Plow
37:12 Town Watch
37:44 Hand Cart
39:28 Scale Barding Armor
39:34 Forging
39:50 Forging
洞腰腰
10:33 Feudal Age
14:18 Castle Age
12:45 Double-Bit Axe
13:03 Horse Collar
15:54 Wheelbarrow
15:33 Bow Saw
19:12 Loom
23:20 Gold Mining
27:38 Imperial Age
26:48 Ballistics
26:41 Padded Archer Armor
26:56 Heavy Plow
26:49 Fletching
27:07 Grand Trunk Road
28:32 Shatagni
29:35 Chemistry
28:57 Conscription
29:04 Leather Archer Armor
28:29 Light Cavalry
29:21 Bloodlines
29:14 Husbandry
29:11 Hussar
31:40 Scale Barding Armor
31:46 Forging
34:38 Gold Shaft Mining
33:55 Stone Mining
38:48 Ring Archer Armor
JCPJ.Philipp
11:07 Feudal Age
14:20 Castle Age
12:16 Double-Bit Axe
12:12 Horse Collar
15:21 Bow Saw
15:27 Heavy Plow
20:49 Wheelbarrow
20:43 Gold Mining
20:43 Stone Mining
22:10 Hand Cart
23:39 Gold Shaft Mining
22:54 Stone Mining
23:01 Stone Mining
27:40 Scale Barding Armor
27:38 Town Watch
28:25 Loom
31:47 Imperial Age
29:50 Forging
30:03 Husbandry
30:43 Bloodlines
30:59 Chain Barding Armor
32:10 Town Watch
32:09 Elite Battle Elephant
36:02 Plate Barding Armor
36:45 Iron Casting
36:45 Conscription
36:58 Fletching
37:32 Tusk Swords
39:02 Blast Furnace
[TMG] purple
10:32 Feudal Age
14:40 Castle Age
12:43 Double-Bit Axe
12:54 Horse Collar
15:49 Bow Saw
20:12 Wheelbarrow
21:35 Heavy Plow
22:44 Hand Cart
23:03 Loom
33:22 Gold Mining
34:42 Scale Mail Armor
34:53 Forging
34:38 Stone Mining
35:24 Gold Shaft Mining
38:04 Imperial Age
36:32 Chain Mail Armor
36:32 Pikeman
37:12 Squires
38:43 Iron Casting
38:20 Halberdier
39:32 Plate Mail Armor
38:41 Heavy Scorpion
40:30 Chemistry
40:25 Ballistics
40:41 Conscription
41:51 Two-Man Saw
41:46 Druzhina
NUBSINC
6:30 Loom
10:07 Feudal Age
14:16 Castle Age
12:29 Double-Bit Axe
13:16 Horse Collar
16:47 Pikeman
19:11 Town Watch
19:55 Squires
21:51 Redemption
22:40 Fervor
22:58 Scale Mail Armor
33:52 Imperial Age
31:49 Man-at-Arms
32:57 Bow Saw
33:29 Wheelbarrow
33:02 Long Swordsman
33:29 Gambesons
34:45 Two-Handed Swordsman
37:08 Capped Ram
40:20 Chain Mail Armor
40:15 Forging
41:53 Siege Ram
43:13 Iron Casting
44:11 Garland Wars
45:32 Blast Furnace
44:50 Siege Engineers
45:01 Heavy Plow
Benitto Burrito
11:12 Feudal Age
14:52 Castle Age
12:55 Double-Bit Axe
13:21 Horse Collar
21:10 Wheelbarrow
23:47 Scale Barding Armor
23:52 Forging
25:26 Heavy Plow
25:46 Bloodlines
25:36 Husbandry
26:10 Gold Mining
26:11 Stone Mining
27:50 Hand Cart
27:20 Loom
27:21 Town Watch
28:03 Szlachta Privileges
27:38 Light Cavalry
32:25 Imperial Age
31:08 Chain Barding Armor
31:23 Iron Casting
30:39 Fletching
31:56 Bow Saw
32:32 Cavalier
33:49 Crop Rotation
34:11 Stone Shaft Mining
35:19 Blast Furnace
34:15 Bodkin Arrow
33:43 Winged Hussar
34:44 Lechitic Legacy
Aspirante
10:27 Feudal Age
14:44 Castle Age
13:19 Double-Bit Axe
20:44 Scale Mail Armor
22:24 Forging
28:02 Gold Mining
27:56 Horse Collar
31:19 Loom
32:57 Chieftains
37:05 Imperial Age
34:31 Man-at-Arms
34:56 Gambesons
35:38 Squires
35:33 Arson
36:15 Chain Mail Armor
36:36 Iron Casting
36:14 Long Swordsman
37:00 Pikeman
37:49 Two-Handed Swordsman
39:33 Plate Mail Armor
40:03 Blast Furnace
41:03 Champion
42:00 Capped Ram
43:33 Siege Ram
46:01 Conscription
Lord Longshaft
10:10 Feudal Age
11:11 Double-Bit Axe
14:19 Castle Age
12:08 Horse Collar
15:20 Bow Saw
16:20 Heavy Plow
16:13 Loom
20:05 Wheelbarrow
20:47 Gold Mining
21:00 Stone Mining
22:24 Hand Cart
23:12 Treadmill Crane
27:38 Imperial Age
25:10 Scale Mail Armor
25:41 Forging
25:33 Squires
25:19 Arson
25:28 Pikeman
26:49 Chain Mail Armor
27:58 Iron Casting
29:07 Plate Mail Armor
28:38 Town Watch
30:20 Blast Furnace
30:02 Ballistics
30:44 Crop Rotation
31:15 Fletching
32:14 Bodkin Arrow
33:23 Chemistry
34:09 Masonry
34:00 Murder Holes
35:40 Architecture
35:48 Bracer
36:15 Conscription
39:03 Thumb Ring
38:59 Padded Archer Armor
41:21 Leather Archer Armor
40:58 Elite Genoese Crossbowman
Connection lost

Rejoining the realm…

Still unreachable

The connection could not be restored.

Session expired

The server has moved on; the page needs a fresh start.